 Dungeon Crawl Stone Soup version 0.23.2-33-g5129a83184 (webtiles) character file.

Game seed: 18199350670907682868

35 MalarOregon the Ruffian (level 3, -1/29 (30) HPs)
             Began as a Ghoul Gladiator on July 6, 2019.
             Slain by a jackal (2 damage)
             ... on level 2 of the Dungeon.
             The game lasted 00:02:06 (1150 turns).

MalarOregon the Ruffian (Ghoul Gladiator)           Turns: 1150, Time: 00:02:07

HP:   -1/29 (30)    AC:  6    Str: 17    XL:     3   Next: 35%
MP:   2/2           EV:  7    Int:  4    God:
Gold: 30            SH: 11    Dex: 12    Spells: 3/3 levels left

rFire    . . .     SeeInvis .     - Unarmed
rCold    + . .     Gourm    .   n - +0 large shield
rNeg     + + +     Faith    .   g - +0 ring mail
rPois    ∞         Spirit   .   b - +0 helmet
rElec    .         Reflect  .   (no cloak)
rCorr    .         Harm     .   (no gloves)
MR       .....                  (no boots)
Stlth    +.........             (no amulet)
HPRegen  0.00/turn              a - +2 ring of dexterity
MPRegen  0.08/turn              (no ring)

@: rotting
A: rotting body, claws 1, carnivore, cold resistance 1, negative energy
resistance 3, inhibited regeneration, torment resistance, unbreathing
a: no special abilities


You were on level 2 of the Dungeon.
You were not hungry.

You visited 1 branch of the dungeon, and saw 2 of its levels.

You collected 30 gold pieces.

Inventory:

Missiles
 c - 3 throwing nets (quivered) {!f}
Armour
 b - a +0 helmet (worn)
 g - a +0 ring mail (worn)
   (You found it on level 1 of the Dungeon)
 n - a +0 large shield (worn)
   (You found it on level 1 of the Dungeon)
Jewellery
 a - a +2 ring of dexterity (left claw)
   (You found it on level 1 of the Dungeon)
 o - an uncursed ring of ice
   (You found it on level 1 of the Dungeon)
Scrolls
 d - 3 scrolls of identify {unknown}
 f - a scroll of amnesia {unknown}
 h - 3 scrolls of remove curse {@r2}
 i - 2 scrolls of blinking {unknown}
 k - a scroll of enchant armour {unknown}
 m - a scroll of magic mapping {unknown}
 q - a scroll of teleportation {unknown}
 r - a scroll of random uselessness {unknown}
Potions
 j - a potion of curing {unknown}
 p - a potion of heal wounds {unknown}
Comestibles
 e - 4 rations {!d}


   Skills:
 + Level 2.6 Fighting
 - Level 1.7 Throwing
 + Level 2.9 Dodging
 * Level 0.4 Shields
 * Level 3.9 Unarmed Combat
 - Level 0.5 Spellcasting


You had 3 spell levels left.
You didn't know any spells.
Your spell library was empty.

Dungeon Overview and Level Annotations

Branches:
Dungeon (2/15)

Altars:


Innate Abilities, Weirdness & Mutations

Your body is rotting away.
You thrive on raw meat.
You are immune to poison.
You have sharp fingernails.
You are carnivorous and can eat meat at any time.
Your flesh is cold resistant. (rC+)
You are immune to negative energy. (rN+++)
You do not regenerate when monsters are visible.
You are immune to unholy pain and torment.
You can survive without breathing.


Message History

You block the gnoll's attack.
Your shield and ring mail prevent you from hitting the gnoll.
The jackal barks!
You hear a shout!
The gnoll hits you with a +0 spear.
* * * LOW HITPOINT WARNING * * *
You closely miss the gnoll. The gnoll hits you with a +0 spear.
* * * LOW HITPOINT WARNING * * *
Okay, then.
You block the gnoll's attack.
There is an open door here.
There is an open door here.
You block the bat's attack. x2
The bat barely misses you. The bat barely misses you.
You block the bat's attack. The bat hits you but does no damage.
The bat barely misses you. You block the bat's attack.
The bat closely misses you. You block the bat's attack.
You block the bat's attack. You block the bat's attack.
The bat barely misses you. You block the bat's attack.
There is a stone staircase leading down here.
The bat hits you but does no damage. The bat hits you but does no damage.
The bat completely misses you. You block the bat's attack.
The bat hits you but does no damage. You block the bat's attack.
The bat hits you but does no damage. The bat hits you but does no damage. x2
You block the bat's attack. The bat barely misses you.
The bat hits you but does no damage. You block the bat's attack.
The bat barely misses you. The bat hits you but does no damage.
The bat hits you but does no damage. You block the bat's attack.
You block the bat's attack. The bat hits you but does no damage.
The bat hits you.
* * * LOW HITPOINT WARNING * * *
You block the bat's attack. The bat hits you but does no damage.
The bat barely misses you. The bat closely misses you. The jackal bites you.
* * * LOW HITPOINT WARNING * * *
You block the jackal's attack.
There is a stone staircase leading up here.
The jackal bites you.
You die...

..#
#...........#
###
#.######h##.#
####
#.......#
.....
#.##g#####
#####
#.##.....#
#.######.#
#.# #.#
#.######.#
#.##@hbg.#
..########
###


You could see a gnoll, a jackal and a bat.

Vanquished Creatures
  An ooze (D:1)
  A leopard gecko (D:2)
  A ball python (D:1)
  8 bats
  2 giant cockroaches (D:1)
  A goblin (D:1)
  3 hobgoblins (D:1)
  4 frilled lizards (D:1)
  3 kobolds (D:1)
  4 rats
28 creatures vanquished.

Notes
Turn   | Place    | Note
-------+----------+-------------------------------------------
     0 | D:1      | MalarOregon the Ghoul Gladiator began the quest for the
                  | Orb.
     0 | D:1      | Reached XP level 1. HP: 17/17 MP: 0/0
   295 | D:1      | Reached XP level 2. HP: 21/24 MP: 1/1
   596 | D:1      | Reached XP level 3. HP: 29/30 MP: 2/2
  1146 | D:2      | HP: 1/29 [jackal (1)]
  1150 | D:2      | Slain by a jackal

Action                   || total
-------------------------++-------
Melee: Unarmed           ||    97
  Use: Scroll            ||     1
  Eat: Chunk             ||     5
Armor: Ring mail         ||    56
Dodge: Dodged            ||    61
Block: Large shield      ||    59
